 Dungeon Crawl Stone Soup version 0.28-a0-845-gfc338a8e3c (webtiles) character file.

Game seed: 14362171522012257532

11120 ytrimaz the Fighter (level 11, -10/92 HPs)
             Began as a Demonspawn Fighter on Nov 12, 2021.
             Was a Believer of Makhleb.
             Killed from afar by a raiju (20 damage)
             ... with a living lightning
             ... on level 2 of the Abyss.
             The game lasted 00:20:56 (14506 turns).

ytrimaz the Fighter (Demonspawn Fighter)           Turns: 14506, Time: 00:20:57

Health: -10/92     AC: 18    Str: 19    XL:     11   Next: 45%
Magic:  12/12      EV: 15    Int: 11    God:    Makhleb [**....]
Gold:   432        SH:  4    Dex:  7    Spells: 10/10 levels left

rFire   . . .      SeeInvis +   a - +2 rapier (drain)
rCold   . . .      Faith    .   c - +0 buckler
rNeg    + . .      Spirit   .   b - +4 scale mail
rPois   .          Reflect  .   p - +0 helmet
rElec   .          Harm     .   (cloak unavailable)
rCorr   +          Rampage  .   (no gloves)
Will    .....                   (no boots)
Stlth   ..........              C - amulet of regeneration
HPRegen 1.25/turn               j - ring "Wudurgho" {rN+ rCorr AC+4 Dex-5 SInv}
MPRegen 0.13/turn               g - +4 ring of evasion

@: no status effects
A: claws 1, hooves 2, demonic guardian 2, powered by death 1, weakness stinger 3
a: Renounce Religion, Minor Destruction


You were on level 2 of the Abyss.
You worshipped Makhleb.
Makhleb was pleased with you.
You visited 2 branches of the dungeon, and saw 13 of its levels.
You visited the Abyss 1 time.

You collected 432 gold pieces.

Inventory:

Hand Weapons
 a - a +2 rapier of draining (weapon)
Armour
 b - a +4 scale mail (worn)
 c - a +0 buckler (worn)
 p - a +0 helmet (worn)
Jewellery
 g - a +4 ring of evasion (right claw)
 j - the ring "Wudurgho" (left claw) {rN+ rCorr AC+4 Dex-5 SInv}
   (You acquired it on level 2 of the Abyss)

   [ring of protection]

   AC:        It affects your AC (+4).
   Dex:       It affects your dexterity (-5).
   rN:        It protects you from negative energy.
   SInv:      It lets you see invisible.
   rCorr:     It protects you from acid and corrosion.
 m - a ring of positive energy
 r - a ring of fire
 C - an amulet of regeneration (around neck)
Wands
 e - a wand of acid (13)
 i - a wand of iceblast (16)
 o - a wand of polymorph (8)
 u - a wand of paralysis (5)
 v - a wand of charming (10)
 w - a wand of mindburst (35)
 A - a wand of flame (19)
Scrolls
 d - 3 scrolls of amnesia
 n - a scroll of enchant armour
 y - a scroll of magic mapping
 B - a scroll of silence
Potions
 l - 2 potions of magic
 s - a potion of ambrosia
 t - a potion of brilliance


   Skills:
 * Level 10.3 Fighting
 - Level 1.7 Short Blades
 - Level 0.3 Throwing
 - Level 10.1 Armour
 * Level 7.7 Dodging
 - Level 4.0 Shields
 * Level 5.9 Unarmed Combat
 * Level 1.5 Invocations


You had 10 spell levels left.
You didn't know any spells.
Your spell library contained the following spells:

 Spells                   Type           Power      Damage    Failure   Level
 Ensorcelled Hibernation  Hex/Ice        0%         N/A       78%         2
 Dazzling Flash           Conj/Hex       0%         N/A       95%         3
 Ozocubu's Armour         Ice            0%         N/A       95%         3
 Spider Form              Tmut/Pois      0%         N/A       95%         3
 Stone Arrow              Conj/Erth      0%         3d7       95%         3
 Animate Armour           Summ/Erth      0%         N/A       100%        4
 Agony                    Necr           0%         N/A       100%        5
 Metabolic Englaciation   Hex/Ice        0%         N/A       100%        5
 Silence                  Hex/Air        0%         N/A       100%        5
 Simulacrum               Ice/Necr       0%         N/A       100%        6
 Lehudib's Crystal Spear  Conj/Erth      0%         10d2      100%        8


Dungeon Overview and Level Annotations

Branches:
Dungeon (12/15)            Temple (1/1) D:5             Orc (0/2) D:10
   Lair: D:8-11

Altars:
Ashenzari
Cheibriados
Dithmenos
Elyvilon
Fedhas
Gozag
Hepliaklqana
Kikubaaqudgha
Makhleb
Nemelex Xobeh
Okawaru
Qazlal
Ru
Sif Muna
Trog
Uskayaw
Vehumet
Wu Jian
Xom
Yredelemnul
Zin
The Shining One

Shops:
D:5 *

Annotations:
D:11 Erolcha


Innate Abilities, Weirdness & Mutations

You have sharp fingernails.
You have hoof-like feet.
A demonic guardian rushes to your aid.
You regenerate a little health from kills.
You have a sharp stinger which inflicts weakening toxins.


Message History

The raiju is severely wounded.
The raiju bites you but does no damage.
The raiju bursts into living lightning!
The living lightning hits the raiju.
The raiju completely resists.
The living lightning hits you!
The raiju blinks! x2
You hit the raiju but do no damage. You drain the raiju.
You kick the raiju, but do no damage.
The raiju is severely wounded.
The raiju bursts into living lightning!
The living lightning hits you!
The raiju blinks!
Unknown command.
You hit the raiju but do no damage. You drain the raiju.
You tail-slap the raiju, but do no damage.
The raiju is severely wounded.
The raiju bursts into living lightning!
The living lightning misses you.
The raiju blinks!
Unknown command.
You barely miss the raiju. Your kick misses the raiju.
The raiju is severely wounded.
The raiju barely misses you.
The raiju bursts into living lightning!
The living lightning hits the raiju.
The raiju completely resists.
The living lightning hits you!!
The raiju blinks! x2
Unknown command.
You hit the raiju. Your kick misses the raiju.
The raiju is almost dead.
The raiju bites you. The raiju shocks you.
* * * LOW HITPOINT WARNING * * *
The raiju bursts into living lightning!
The living lightning hits the raiju.
The raiju completely resists.
The living lightning hits you!
* * * LOW HITPOINT WARNING * * *
A demonic guardian appears!
The raiju blinks! x2
You completely miss the raiju. Your kick misses the raiju.
The raiju is almost dead.
The raiju misses you.
The raiju bursts into living lightning!
The living lightning hits the raiju.
The raiju completely resists.
The living lightning hits you!!
You die...

## ##.
#..
###..
#.#h##
#4#hh#
#.@#
####


You could see 3 raiju and a friendly rust devil (summoned).

Vanquished Creatures
  A tentacled starspawn (Abyss:2)
  A two-headed ogre (D:11)
  A cyclops (D:12)
  A manticore (D:12)
  A large abomination (Abyss:2)
  A molten gargoyle (D:10)
  A gargoyle (D:10)
  2 unseen horrors
  Maggie (D:8)
  A hornet (D:10)
  6 slime creatures
  4 yaks (D:9)
  2 vampire mosquitoes (D:11)
  A small abomination (Abyss:2)
  An acid dragon (D:10)
  3 water moccasins
  2 sky beasts
  2 ice beasts
  2 necrophages
  2 ogres
  4 centaurs
  A phantom (D:7)
  A kobold brigand (D:10)
  4 scorpions
  4 bullfrogs
  3 killer bees (D:10)
  5 wights (D:9)
  4 howler monkeys
  3 centaur zombies
  2 hounds
  3 bullfrog skeletons
  An orc priest (D:9)
  2 centaur skeletons
  2 gnoll shamans
  3 jellies
  5 orc wizards (D:9)
  5 iguanas
  Terence (D:2)
  A killer bee zombie (D:8)
  2 howler monkey zombies (D:5)
  11 gnolls
  7 adders
  2 howler monkey skeletons
  3 white imps
  An ufetubus (D:5)
  An adder skeleton (D:4)
  2 worms (D:2)
  2 dart slugs
  10 orcs
  9 bats
  5 endoplasms
  4 giant cockroaches
  6 hobgoblins
  8 jackals
  3 quokkas
  8 ball pythons
  5 goblins
  12 kobolds
  6 rats
197 creatures vanquished.

Vanquished Creatures (collateral kills)
  A molten gargoyle (D:10)
  2 trolls
  A chaos spawn (Abyss:2)
  A black bear (D:5)
  2 centaurs
  A killer bee (D:10)
  3 wights (D:9)
  A howler monkey (D:6)
  A bullfrog zombie (D:6)
  2 orc wizards
  A worm (D:2)
  A kobold (D:2)
  A bat (D:2)
18 creatures vanquished.

Vanquished Creatures (others)
  8 large abominations (Abyss:2)
  A harpy zombie (Abyss:2)
  A raiju (Abyss:2)
  3 golden eyes (Abyss:2)
  A harpy simulacrum (Abyss:2)
  28 small abominations (Abyss:2)
  2 jellies (Abyss:2)
  5 lurking horrors (Abyss:2)
  3 starspawn tentacles (Abyss:2)
52 creatures vanquished.

Grand Total: 267 creatures vanquished

Notes
Turn   | Place    | Note
-------+----------+-------------------------------------------
     0 | D:1      | ytrimaz the Demonspawn Fighter began the quest for the Orb.
     0 | D:1      | Reached XP level 1. HP: 18/18 MP: 1/1
    64 | D:1      | Discovered your monstrous ancestry.
    64 | D:1      | Gained mutation: You have a small tail. [demonic ancestry]
    64 | D:1      | Reached XP level 2. HP: 24/24 MP: 2/2
  1148 | D:2      | Reached XP level 3. HP: 24/29 MP: 3/3
  1522 | D:2      | Noticed Terence
  1532 | D:2      | Killed Terence
  1533 | D:2      | Gained mutation: A weak demonic guardian rushes to your
                  | aid. [demonic ancestry]
  1533 | D:2      | Reached XP level 4. HP: 34/35 MP: 4/4
  2496 | D:3      | Found a faded altar of an unknown god.
  3126 | D:4      | Gained mutation: You have sharp fingernails. [demonic
                  | ancestry]
  3126 | D:4      | Reached XP level 5. HP: 31/41 MP: 5/5
  3306 | D:4      | Noticed a necrophage
  3315 | D:4      | Killed a necrophage
  3392 | D:4      | Reached skill level 1 in Dodging
  3392 | D:4      | Gained mutation: A demonic guardian rushes to your aid.
                  | [demonic ancestry]
  3392 | D:4      | Reached XP level 6. HP: 48/48 MP: 6/6
  3766 | D:4      | Reached skill level 5 in Armour
  3766 | D:4      | Reached skill level 1 in Unarmed Combat
  4113 | D:4      | Gained mutation: You have large cloven feet. [demonic
                  | ancestry]
  4113 | D:4      | Reached XP level 7. HP: 52/54 MP: 7/7
  4290 | D:5      | Entered Level 5 of the Dungeon
  4416 | D:5      | Found Horus's Neck Hole.
  4956 | D:5      | Found a staircase to the Ecumenical Temple.
  4970 | Temple   | Entered the Ecumenical Temple
  5051 | Temple   | Became a worshipper of Makhleb the Destroyer
  5228 | D:5      | Gained mutation: You have hoof-like feet. [demonic
                  | ancestry]
  5228 | D:5      | Reached XP level 8. HP: 52/61 MP: 8/8
  5814 | D:6      | Reached skill level 5 in Fighting
  7389 | D:7      | Gained mutation: You have a tail ending in a sharp stinger.
                  | [demonic ancestry]
  7389 | D:7      | Reached XP level 9. HP: 63/69 MP: 9/9
  7511 | D:7      | Reached * piety under Makhleb
  7973 | D:8      | Noticed Maggie
  7990 | D:8      | Killed Maggie
  8942 | D:9      | Noticed a troll
  8962 | D:9      | Killed a troll
  8963 | D:9      | Reached skill level 5 in Dodging
  9333 | D:9      | Gained mutation: You have a sharp stinger which inflicts
                  | weakening toxins. [demonic ancestry]
  9333 | D:9      | Reached XP level 10. HP: 50/80 MP: 10/10
  9435 | D:9      | Found a flagged portal.
  9886 | D:9      | Reached ** piety under Makhleb
 10348 | D:10     | Entered Level 10 of the Dungeon
 10349 | D:10     | Noticed a molten gargoyle
 10374 | D:10     | Killed a molten gargoyle
 10812 | D:10     | You fall into a shaft and drop 2 floors!
 10825 | D:12     | Noticed a manticore
 10834 | D:12     | Killed a manticore
 10972 | D:12     | Noticed a cyclops
 11005 | D:12     | Killed a cyclops
 11006 | D:12     | Reached skill level 5 in Unarmed Combat
 11236 | D:10     | Noticed a molten gargoyle
 11239 | D:10     | Noticed a molten gargoyle
 11282 | D:10     | HP: 3/83 [molten gargoyle/bolt of magma (10)]
 11292 | D:10     | Killed a molten gargoyle
 11365 | D:10     | Paralysed by a hornet for 1 turns
 11467 | D:10     | Found a staircase to the Orcish Mines.
 11573 | D:11     | Noticed a gargoyle
 11664 | D:10     | Killed a gargoyle
 11735 | D:10     | Gained mutation: You regenerate a little health from kills.
                  | [demonic ancestry]
 11735 | D:10     | Reached XP level 11. HP: 72/89 MP: 11/11
 11987 | D:10     | Reached skill level 10 in Armour
 12151 | D:11     | Noticed a two-headed ogre
 12162 | D:11     | Killed a two-headed ogre
 12313 | D:11     | Reached skill level 10 in Fighting
 12517 | D:11     | Noticed Erolcha
 12534 | D:11     | Cast into level 2 of the Abyss (Erolcha)
 12644 | Abyss:2  | Identified a scroll of acquirement
 12644 | Abyss:2  | Acquired the ring "Wudurgho" {rN+ rCorr AC+4 Dex-5 SInv}
 12779 | Abyss:2  | Noticed a green very ugly thing
 12783 | Abyss:2  | Noticed a brown very ugly thing
 12791 | Abyss:2  | Noticed an ironbound thunderhulk
 12793 | Abyss:2  | Noticed a red very ugly thing
 12803 | Abyss:2  | Noticed a brown very ugly thing
 12808 | Abyss:2  | Noticed an ironbound thunderhulk
 12815 | Abyss:2  | Noticed a purple very ugly thing
 12823 | Abyss:2  | Noticed an ironbound thunderhulk
 13231 | Abyss:2  | Killed a large abomination
 13408 | Abyss:2  | Killed a large abomination
 14275 | Abyss:2  | Noticed a tentacled starspawn
 14377 | Abyss:2  | Killed a tentacled starspawn
 14378 | Abyss:2  | Reached skill level 1 in Invocations
 14383 | Abyss:2  | Killed a large abomination
 14423 | Abyss:2  | Killed a large abomination
 14506 | Abyss:2  | Killed from afar by a raiju

Illustrated notes

Levels and vault maps discovered:
D:1:      psy_arrival_spokes, layout_basic
D:2:      layout_rooms, minmay_tromino_v4_a, uniq_terence
D:3:      layout_basic, shapermc_ecumenical_altar_flowoftime,
          corexii_hall_statues_t
D:4:      layout_gridville
D:5:      layout_basic, minmay_temple_entry_statues_pillars, minivault_23,
          nicolae_shop_sticking_my_neck_out
D:6:      layout_layer_cave
D:7:      layout_rooms
D:8:      layout_gridville, nrook_mini_vaults, dk_noncrumbling_2, uniq_maggie
D:9:      minmay_flawed_box, layout_small_grid, tso_metal_star, enter_bailey_3
D:10:     layout_loops_ring, orc_0_dummy, minivault_8
D:11:     layout_layer_cave, lair_entry_dummy, uniq_erolcha
D:12:     layout_gridville
Temple:   grunt_wide_crystal_templ
Abyss:2:  base:
D:8

Skill      XL: |  1  2  3  4  5  6  7  8  9 10 11 |
---------------+----------------------------------+-----
Shields        | 3 4 |  4.0
Armour         | 3 4 5 7 8 9 10 | 10.1
Dodging        | 1 3 5 7 |  7.7
Unarmed Combat | 1 2 3 4 5 |  5.9
Fighting       | 4 6 7 9 10 | 10.3
Invocations    | 1 |  1.5
Short Blades   | |  1.7
Throwing       | |  0.3

Action                   |  1- 3 |  4- 6 |  7- 9 | 10-12 || total
-------------------------+-------+-------+-------+-------++-------
Melee: Rapier            |    88 |   157 |   311 |   403 ||   959
       Tailslap          |    16 |    23 |    51 |    57 ||   147
       Kick              |       |       |    93 |   139 ||   232
Throw: Throwing net      |       |       |       |     2 ||     2
Evoke: Wand              |       |       |       |     3 ||     3
  Use: Scroll            |     2 |     9 |     7 |    10 ||    28
       Potion            |       |     2 |     5 |    11 ||    18
 Stab: Distracted        |       |       |       |     1 ||     1
Armor: Scale mail        |    42 |    71 |   155 |   232 ||   500
       Skin              |       |       |     4 |       ||     4
Dodge: Dodged            |    49 |    85 |   170 |   344 ||   648
Block: Buckler           |    20 |    32 |    83 |   112 ||   247

Table legend: (Time is in decaauts)
 A = Elapsed time spent in this place.
 B = Non-inter-level travel time spent in this place.
 C = Inter-level travel time spent in this place.
 D = Time resting spent in this place.
 E = Time spent auto-exploring this place.
 F = Levels seen in this place.
 G = Mean time per level.
                   A        B        C        D        E       F      G
               +--------+--------+--------+--------+--------+-----+--------+
         Total |  14562 |  14180 |    382 |   4510 |   7118 |  14 | 1040.1 |
       Dungeon |  12487 |  12144 |    343 |   2706 |   7081 |  12 | 1040.6 |
        Temple |     94 |     55 |     39 |      0 |     37 |   1 |   94.0 |
         Abyss |   1980 |   1980 |      0 |   1804 |      0 |   1 | 1980.0 |
               +--------+--------+--------+--------+--------+-----+--------+

Top non-repeatable levels by time:
 Abyss:2: 1980 daAuts
     D:6: 1613 daAuts
     D:5: 1381 daAuts
     D:9: 1344 daAuts
     D:8: 1304 daAuts
     D:2: 1248 daAuts
     D:4: 1238 daAuts
    D:10: 1237 daAuts
     D:1: 1128 daAuts
     D:3: 703 daAuts
     D:7: 524 daAuts
    D:11: 410 daAuts
    D:12: 350 daAuts
  Temple: 94 daAuts
